 Dungeon Crawl Stone Soup version 0.31-a0-177-g4aa6249778 (webtiles) character file.

Game seed: 14886219160659060133

35 qw the Chopper (level 3, -2/23 HPs)
             Began as a Gargoyle Fighter on June 18, 2023.
             Slain by a gnoll
             ... wielding a +0 flail
              (10 damage)
             ... on level 2 of the Dungeon.
             The game lasted 00:00:26 (1056 turns).

qw the Chopper (Gargoyle Fighter)                   Turns: 1056, Time: 00:00:27

Health: -2/23      AC: 10    Str: 27    XL:     3   Next: 33%
Magic:  3/3        EV:  9    Int:  8    God:
Gold:   39         SH:  4    Dex:  9    Spells: 2/2 levels left

rFire   . . .        Y - +0 war axe
rCold   . . .        c - +0 buckler
rNeg    + . .        b - +0 scale mail
rPois   inf          (no helmet)
rElec   +            (no cloak)
rCorr   .            (no gloves)
SInv    .            (no boots)
Will    .....        (no amulet) Stlth
                     l - +6 ring of strength
HPRegen 0.23/turn    (no ring)
MPRegen 0.08/turn

%: no passive effects
@: no status effects
A: sickness immunity, AC +3, negative energy resistance 1, electricity
resistance, torment resistance 1, petrification resistance
a: no special abilities


You were on level 2 of the Dungeon.
You visited 1 branch of the dungeon, and saw 2 of its levels.

You collected 39 gold pieces.


Innate Abilities, Weirdness & Mutations

You are immune to sickness and miasma.
Your stone body is resilient. (AC +3)
You are immune to poison.
You resist negative energy. (rN+)
You are resistant to electric shocks. (rElec)
You are resistant to unholy torment.
You are immune to petrification.


   Skills:
 - Level 3.2 Fighting
 + Level 3.3 Axes
 - Level 3.2 Armour
 - Level 3.2 Shields


You had 2 spell levels left.
You didn't know any spells.
Your spell library was empty.

Inventory:

Hand Weapons
 k - a +0 club
 Y - a +0 war axe (weapon)
Armour
 b - a +0 scale mail (worn)
 c - a +0 buckler (worn)
Jewellery
 l - a +6 ring of strength (left hand)
Scrolls
 a - a scroll of enchant armour
Potions
 d - a potion of might
 g - a potion of curing
 i - a potion of degeneration {unknown}
 m - 2 potions of enlightenment

Dungeon Overview and Level Annotations

Branches:
Dungeon (2/15)

Altars:


Message History

The bat hits you but does no damage. x2; The bat barely misses you.
You miss the bat. You block the bat's attack.
You barely miss the bat. The bat hits you but does no damage. x2
You hit the bat.
You kill the bat!
A gnoll comes into view. It is wielding a +0 flail.
Found a short sword.
The gnoll shouts!
You hear a shout! x2
Enter note: A gnoll comes into view. It is wielding a +0 club.
A gnoll comes into view. It is wielding a +0 spear.
1047 ||| Stepping ~*~*~tactically~*~*~ (hiding).
1049 ||| Stepping ~*~*~tactically~*~*~ (hiding).
You closely miss the gnoll. The gnoll barely misses you.
You hit the gnoll.
The gnoll is lightly wounded.
You closely miss the gnoll. The gnoll barely misses you.
A gnoll comes into view. It is wielding a +0 flail.
The gnoll hits you with a +0 club.
You barely miss the gnoll.
The gnoll is lightly wounded.
You closely miss the gnoll.
The gnoll shouts!
The gnoll barely misses you.
The gnoll hits you from afar with a +0 spear.
You closely miss the gnoll.
The gnoll is lightly wounded.
You slash the gnoll!
The gnoll hits you but does no damage. x2; The gnoll hits you with a +0 club.
The gnoll hits you with a +0 flail! The gnoll barely misses you.
You block the gnoll's attack.
You barely miss the gnoll.
The gnoll is severely wounded.
You closely miss the gnoll. The gnoll hits you with a +0 flail!
You die...

#............#...... .#
######...........#.#..#
#...######....#..#
#...######...##..#
#........#.......###
#...####.#...g.....#
###........#.g....g#
#####....gg#.......
#..........@##.....#g
..#####..###.#.....#
#### #......# ##.####
.# )#


You could see 4 gnolls.

Vanquished Creatures
  An adder (D:2)
  3 dart slugs
  A bat (D:2)
  An endoplasm (D:1)
  2 giant cockroaches
  2 goblins (D:1)
  2 hobgoblins (D:2)
  2 jackals (D:1)
  2 kobolds (D:1)
  A ball python (D:2)
  A frilled lizard (D:1)
18 creatures vanquished.

Notes
Turn   | Place    | Note
-------+----------+-------------------------------------------
     0 | D:1      | qw the Gargoyle Fighter began the quest for the Orb.
     0 | D:1      | Reached XP level 1. HP: 14/14 MP: 1/1
     0 | D:1      | 0 ||| qw: Version: 0.3-a-5-g6f28e65
     0 | D:1      | 0 ||| qw: Game counter: 525
     0 | D:1      | 0 ||| qw: Always use a shield: true
     0 | D:1      | 0 ||| qw: God list: Okawaru
     0 | D:1      | 0 ||| qw: Allow faded altars: false
     0 | D:1      | 0 ||| qw: Do Orc after D:15 true
     0 | D:1      | 0 ||| qw: Do second Lair branch before Depths: true
     0 | D:1      | 0 ||| qw: Lair rune preference: random
     0 | D:1      | 0 ||| qw: Plans: Normal, Zot:1-4, Slime:5, God:TSO, Crypt,
                  | Tomb, Abyss, Pan, Hells, Win
     0 | D:1      | 0 ||| PLANNING D:1-11
   342 | D:1      | Reached XP level 2. HP: 19/19 MP: 2/2
   752 | D:1      | 752 ||| UPGRADING to +6 ring of strength.
   753 | D:1      | 753 ||| READING scroll labelled BOM YFORISI.
   754 | D:1      | 754 ||| READING scroll labelled RISOZX ENACA.
   755 | D:1      | 755 ||| READING scroll labelled WUGIEKHEGEK.
   756 | D:1      | 756 ||| READING scroll labelled ZAOWE IMEME.
   759 | D:1      | 759 ||| DRINKING 2 brown potions.
   760 | D:1      | 760 ||| DRINKING 3 murky blue potions.
   790 | D:2      | 790 ||| Stepping ~*~*~tactically~*~*~ (hiding).
   792 | D:2      | 792 ||| Stepping ~*~*~tactically~*~*~ (hiding).
   916 | D:2      | Reached skill level 3 in Axes
   916 | D:2      | Reached XP level 3. HP: 23/23 MP: 3/3
   986 | D:2      | 986 ||| Stepping ~*~*~tactically~*~*~ (stealth).
   988 | D:2      | 988 ||| Stepping ~*~*~tactically~*~*~ (stealth).
  1047 | D:2      | 1047 ||| Stepping ~*~*~tactically~*~*~ (hiding).
  1049 | D:2      | 1049 ||| Stepping ~*~*~tactically~*~*~ (hiding).
  1056 | D:2      | Slain by a gnoll

Levels and vault maps discovered:
D:1:      beargit_arrival_diablo_church, layout_loops_corners
D:2:      minmay_general_purpose_star, layout_loops_cross,
          guppyfry_early_orc_mine

Skill      XL: |  1  2 |
---------------+-------+-----
Axes           | 2 3 |  3.3
Fighting       | |  3.2
Armour         | |  3.2
Shields        | |  3.2

Action                     || total
---------------------------++-------
  Melee: War axe           ||    72
    Use: Scroll            ||     4
         Potion            ||     2
 Armour: Scale mail        ||    40
  Dodge: Dodged            ||    36
  Block: Buckler           ||    13

Table legend:
 A = Non-vault XP
 B = Vault XP
 C = Vault XP percentage of total XP
 D = Non-vault monster count
 E = Vault monster count
 F = Vault count percentage of total count
                 A         B        C        D         E       F
            +---------+---------+-------+---------+---------+-------
      Total |      50 |       0 |   0.0 |      18 |       0 |   0.0
            +---------+---------+-------+---------+---------+-------
        D:1 |      24 |       0 |   0.0 |      11 |       0 |   0.0
        D:2 |      26 |       0 |   0.0 |       7 |       0 |   0.0
            +---------+---------+-------+---------+---------+-------
